 Dungeon Crawl Stone Soup version 0.27.1-4-g1640c2035a (webtiles) character file.

Game seed: 5944182818739824394

28 Emandoog the Caller (level 2, 0/15 HPs)
             Began as a Deep Elf Summoner on Nov 8, 2021.
             Slain by an orc (5 damage)
             ... on level 4 of the Dungeon.
             The game lasted 00:09:35 (3231 turns).

Emandoog the Caller (Deep Elf Summoner)             Turns: 3231, Time: 00:09:36

Health: 0/15       AC:  2    Str:  5    XL:     2   Next: 96%
Magic:  3/8        EV: 16    Int: 19    God:
Gold:   116        SH:  5    Dex: 15    Spells: 5/8 levels left

rFire    . . .     SeeInvis .   d - +2 dagger (pain)
rCold    . . .     Faith    .   (no shield)
rNeg     . . .     Spirit   .   a - +0 robe
rPois    .         Reflect  +   (no helmet)
rElec    .         Harm     .   (no cloak)
rCorr    .         Rampage  .   (no gloves)
Will     .....                  (no boots)
Stlth    ++........             l - amulet of reflection
HPRegen  0.05/turn              b - ring of flight
MPRegen  0.11/turn              c - +4 ring of evasion

@: flying
A: no striking features
a: no special abilities


You were on level 4 of the Dungeon.
You visited 1 branch of the dungeon, and saw 4 of its levels.

You collected 116 gold pieces.

Inventory:

Hand Weapons
 d - a +2 dagger of pain (weapon)
Armour
 a - a +0 robe (worn)
 i - a +0 robe
Jewellery
 b - a ring of flight (left hand)
 c - a +4 ring of evasion (right hand)
 l - an amulet of reflection (around neck)
 m - an amulet of faith
 n - a ring of protection from cold
Scrolls
 e - 2 scrolls of identify {unknown}
 f - 2 scrolls of amnesia {unknown}
 j - 2 scrolls of teleportation {unknown}
Potions
 g - 2 potions of degeneration {unknown}
 h - a potion of might {unknown}
 k - a potion of haste {unknown}


   Skills:
 + Level 2.4 Dodging
 * Level 2.8 Stealth
 * Level 3.9 Spellcasting
 * Level 4.8 Summonings


You had 5 spell levels left.
You knew the following spells:

 Your Spells              Type           Power      Damage    Failure   Level
a - Summon Small Mammal   Summ           88%        N/A       1%          1
b - Call Imp              Summ           22%        N/A       2%          2

Your spell library contained the following spells:

 Spells                   Type           Power      Damage    Failure   Level
 Call Canine Familiar     Summ           22%        N/A       5%          3
 Summon Guardian Golem    Hex/Summ       13%        N/A       16%         3
 Passwall                 Tmut/Erth      2%         N/A       22%         2
 Swiftness                Air            3%         N/A       38%         3
 Summon Lightning Spire   Summ/Air       13%        N/A       45%         4
 Invisibility             Hex            1%         N/A       100%        6


Dungeon Overview and Level Annotations

Branches:
Dungeon (4/15)
 Temple: D:4-7

Altars:

Annotations:
D:3 Sigmund


Message History

HP restored.
There is an open door here.
You reach down and open the door.
There is an open door here.
There is an open door here.
There is a stone staircase leading down here.
You fly downwards.
Level annotation: Sigmund
There is a stone staircase leading up here.
Found a leather armour.
The orc shouts!
Casting: Call Imp (safe; 2% risk of failure)
Confirm with . or Enter, or press ? or * to list all spells.
A shadowy apparition takes form in the air.
The frilled lizard hisses angrily.
The orc shouts! x2
Casting: Call Imp (safe; 2% risk of failure)
Confirm with . or Enter, or press ? or * to list all spells.
A beastly little devil appears in a puff of flame.
The orc hits you with a +0 whip. The orc closely misses you.
Your shadow imp barely misses the orc.
You block the frilled lizard's attack.
Your crimson imp blinks!
Your shadow imp gestures at the orc.
The orc barely resists.
Your shadow imp hits the orc.
There is a stone staircase leading down here.
Your crimson imp blinks!
The orc barely misses you.
You fly downwards.
The adder hisses angrily.
Found 18 stones and a lumpy inky potion.
There is a stone staircase leading up here.
Casting: Call Imp (safe; 2% risk of failure)
Confirm with . or Enter, or press ? or * to list all spells.
A beastly little devil appears in a puff of flame.
The orc hits you with a +0 whip.
* * * LOW HITPOINT WARNING * * *
Your crimson imp hits the orc but does no damage.
The orc hits you with a +0 whip.
You die...

#### ....
.....
######.....
#..........
+..........
#.@..S..(#
#..o.....#
#..5.....#
#!.......#
###.#+####
#.# #.# #.#
#.#


You could see an adder, an orc (ally target) and a friendly crimson imp
(summoned).

Vanquished Creatures
  A rat (D:2)
1 creature vanquished.

Vanquished Creatures (collateral kills)
  A dart slug (D:2)
  3 endoplasms (D:1)
  9 goblins
  7 hobgoblins
  3 kobolds (D:1)
  A quokka (D:1)
  4 ball pythons
  4 bats
  A frilled lizard (D:1)
  4 rats (D:1)
37 creatures vanquished.

Grand Total: 38 creatures vanquished

Notes
Turn   | Place    | Note
-------+----------+-------------------------------------------
     0 | D:1      | Emandoog the Deep Elf Summoner began the quest for the Orb.
     0 | D:1      | Reached XP level 1. HP: 10/10 MP: 6/6
   447 | D:1      | Reached XP level 2. HP: 15/15 MP: 1/8
   452 | D:1      | Learned a level 2 spell: Call Imp
  1398 | D:2      | Found a faded altar of an unknown god.
  2490 | D:3      | Noticed Sigmund
  3231 | D:4      | Slain by an orc

Illustrated notes

Levels and vault maps discovered:
D:1:      mrwooster_arrival_statue_2, layout_basic, minmay_strange_pillars,
          chequers_serial_rivers_micro_b, amethyst_killhole, minmay_hexomino_c4
D:2:      layout_loops_corners, ebering_ecumenical_altar_ruins
D:3:      layout_rooms, vehumet_crystals, interstate_on_off, uniq_sigmund
D:4:      layout_basic, feat_on_display

Action                   || total
-------------------------++-------
Melee: Dagger            ||    14
 Cast: Summon Small Mamm ||    38
       Call Imp          ||    48
Armor: Robe              ||     1
Dodge: Dodged            ||    25
Block: Other             ||     2
